Jiro, chaotic male elven Wizard -------------- ------------- |.............########### |`.........`| |........<...| % #|..... ...- |............+#########[%##|...- -...| -------------- #%.%.| |.*.| |[.%| |`.Z. |...| |W.s| |...-----.@.| |.....`.....| |`.........`| ------------- Jiro the Conjurer Experience level: 5 Strength: 8 Dexterity: 13 Constitution: 14 Intelligence: 18 Wisdom: 13 Charisma: 12 Health: 0(31) Energy: 2(62) Def: 1 Gold: 429 Moves: 2214 Dungeon seed: pxXvimgSbMqAdkKf Game ID: Jiro_1523071553 Your Inventory: Coins $ - 429 gold pieces Weapons a - a blessed +1 quarterstaff (weapon in hands) w - a +0 elven dagger Armor e - an uncursed +0 cloak of magic resistance (being worn) q - a cursed +0 dwarvish mithril-coat Scrolls i - an uncursed scroll of teleportation j - 2 uncursed scrolls of destroy armor k - an uncursed scroll of light t - a cursed scroll of identify Spellbooks l - a blessed spellbook of force bolt m - an uncursed spellbook of cure blindness u - an uncursed spellbook of force bolt x - an uncursed spellbook of knock y - an uncursed spellbook of create monster Potions f - an uncursed potion of healing g - an uncursed potion of paralysis h - an uncursed potion of sleeping r - an uncursed potion of booze s - an uncursed potion of blindness Rings c - an uncursed +1 ring of gain strength d - an uncursed ring of teleport control Wands b - a wand of lightning (0:7) Tools n - a magic marker (0:96) o - an uncursed blindfold p - an uncursed bell Gems z - an uncursed worthless piece of violet glass Spells and supernatural/magical abilities: Name Level Category Fail Memory a - force bolt 1 attack 0% 89% B - cure blindness 2 healing 53% 89% W - pray for help -- divine ? -- Your skills at the end: Fighting Skills Weapon Skills quarterstaff [Basic] Spellcasting Skills attack spells [Basic] enchantment spells [Basic] Final Attributes: You were piously aligned. You were sleep resistant. You were magic-protected. You had infravision. You are dead. Vanquished creatures: a fog cloud a gnome lord an elf zombie a kitten a homunculus 3 hill orcs 2 killer bees an acid blob a coyote a hobbit a hobgoblin a giant rat a brown mold a yellow mold 2 green molds a red mold 2 geckos a fox a kobold 2 goblins 2 sewer rats 3 grid bugs 7 lichens a kobold zombie 6 newts 45 creatures vanquished. Voluntary challenges: You were an atheist. You used a wielded weapon 17 times, starting on turn 178. You read items or engraved 145 times, starting on turn 1882. You never genocided any monsters. You never polymorphed an object. You never changed form. You used no wishes. You never split a pudding. You wrote Elbereth's name 140 times, starting on turn 1882. You violated your moral code, losing 26 points of alignment, starting on turn 1111. Dungeon overview: The Dungeons of Doom: levels 1 to 5 Level 1 a long staircase Level 2 a fountain, a sink Level 3 Level 4 a general store, some fountains a long staircase Level 5 <- You were here History has recorded: On T:1 you entered the Dungeons of Doom to retrieve the Amulet of Yendor! On T:425 you reached level 2 of The Dungeons of Doom. On T:480 you advanced to experience level 2. On T:780 you advanced to experience level 3. On T:795 you reached level 3 of The Dungeons of Doom. On T:1145 you reached level 4 of The Dungeons of Doom. On T:1167 you advanced to experience level 4. On T:1794 you reached level 5 of The Dungeons of Doom. On T:1814 you advanced to experience level 5. Score breakdown: Gold: 429 ( 8958 points) Experience: 5 levels (11141 points) Exploration: 5 levels ( 10.20%) ( 8660 points) Discoveries: 0 items ( 0.00%) ( 0 points) Valuables value: (no points given unless you survive) Artifact value: 0 ( 0 points) Variety of kills: 25 monsters ( 6.56%) ( 7684 points) Turncount: 2214 turns ( -151 points) Survival: died (score multiplied by 80%) Total score: 29033 Latest messages: You miss Freya's ghost. (2x) You hit Freya's ghost! Freya's ghost touches you! You miss Freya's ghost. You hit Freya's ghost. You miss Freya's ghost. Freya's ghost touches you! You miss Freya's ghost. (3x) Freya's ghost touches you! You miss Freya's ghost. The scorpion hits! (2x) The scorpion stings! The scorpion hits! (2x) The scorpion stings! You miss Freya's ghost. The scorpion hits! (2x) The scorpion stings! The spell misses the scorpion. The spell misses the elf zombie. The scorpion hits! (2x) The scorpion stings! Freya's ghost touches you! The scorpion hits! (2x) You die... Final status: Goodbye Jiro the Wizard, killed by a scorpion... You died in The Dungeons of Doom on dungeon level 5 with 29033 points, and 429 pieces of gold, after 2214 moves. You were level 5 with a maximum of 31 hit points when you died.